1757 views
Uploaded 2022-12-13 15:41:28
Game version 1.32.10
10:00 long 2on2 custom game on (4)dragonmountain
Game name "2x2 re !!!!"
Saved by DKnight
1757 views
Uploaded 2022-12-13 15:41:28
Game version 1.32.10
10:00 long 2on2 custom game on (4)dragonmountain
Game name "2x2 re !!!!"

26 units @ 3.8k
/ 0.4k
21 buildings @ 2.8k
/ 0.8k

| Scroll of Regeneration | 2 | 200 |
| Mechanical Critter | 1 | 50 |
| total: | 3 | 250g |
| Peasant | 5 | 375 | / | 0 |
| Footman | 3 | 405 | / | 0 |
| Rifleman | 5 | 1025 | / | 150 |
| total: | 13 | 1805g | / | 150w |
| Scout Tower | 1 | 30 | / | 20 |
| Guard Tower | 1 | 70 | / | 50 |
| Barracks | 2 | 320 | / | 120 |
| Altar of Kings | 1 | 180 | / | 50 |
| Farm | 5 | 400 | / | 100 |
| Blacksmith | 1 | 140 | / | 60 |
| Lumber Mill | 1 | 120 | / | 0 |
| Arcane Vault | 1 | 130 | / | 30 |
| total: | 12 | 1320g | / | 380w |
| 0:02 | Peasant |
| 0:03 | Peasant |
| 0:07 | Barracks |
| 0:11 | Altar of Kings |
| 0:15 | Farm |
| 0:24 | Peasant |
| 0:46 | Peasant |
| 0:55 | Farm |
| 1:06 | Peasant |
| 1:12 | Footman |
| 1:24 | Footman |
| 1:35 | Farm |
| 1:48 | Footman |
| 2:06 | Blacksmith |
| 2:19 | Devotion Aura |
| 2:26 | Farm |
| 2:41 | Lumber Mill |
| 2:48 | Barracks |
| 3:11 | Scout Tower |
| 3:27 | Arcane Vault |
| 3:43 | Divine Shield |
| 3:58 | Improved Lumber Harvesting |
| 4:01 | Rifleman |
| 4:14 | Rifleman |
| 4:31 | Rifleman |
| 4:42 | Scroll of Regeneration |
| 4:45 | Mechanical Critter |
| 5:02 | Rifleman |
| 5:03 | Black Gunpowder |
| 5:07 | Rifleman |
| 5:51 | Guard Tower |
| 5:56 | Improved Masonry |
| 5:59 | Studded Leather Armor |
| 6:02 | Scroll of Regeneration |
| 6:22 | Farm |
| Select | 80 |
| Right click | 78 |
| Chat | 31 |
| Build/train/purchase | 28 |


| Rod of Necromancy | 2 | 300 |
| Ritual Dagger | 1 | 125 |
| Potion of Healing | 1 | 150 |
| Orb of Corruption | 1 | 375 |
| Scroll of Town Portal | 1 | 350 |
| Scroll of Healing | 1 | 250 |
| total: | 7 | 1550g |
| Acolyte | 4 | 300 | / | 0 |
| Ghoul | 3 | 360 | / | 0 |
| Crypt Fiend | 6 | 1290 | / | 240 |
| total: | 13 | 1950g | / | 240w |
| Nerubian Tower | 2 | 200 | / | 40 |
| Spirit Tower | 2 | 290 | / | 80 |
| Crypt | 1 | 200 | / | 50 |
| Altar of Darkness | 1 | 180 | / | 50 |
| Ziggurat | 4 | 600 | / | 200 |
| Tomb of Relics | 1 | 130 | / | 30 |
| Graveyard | 1 | 215 | / | 0 |
| Slaughterhouse | 1 | 140 | / | 135 |
| Halls of the Dead | 2 | 640 | / | 420 |
| Black Citadel | 2 | 650 | / | 460 |
| total: | 9 | 1465g | / | 465w |
| 0:03 | Acolyte |
| 0:03 | Acolyte |
| 0:03 | Acolyte |
| 0:09 | Crypt |
| 0:11 | Altar of Darkness |
| 0:34 | Ziggurat |
| 0:50 | Acolyte |
| 1:08 | Tomb of Relics |
| 1:11 | Ghoul |
| 1:29 | Graveyard |
| 1:40 | Ghoul |
| 1:40 | Ghoul |
| 1:51 | Nerubian Tower |
| 2:10 | Ziggurat |
| 2:23 | Rod of Necromancy |
| 2:25 | Death Coil |
| 3:03 | Crypt Fiend |
| 3:26 | Halls of the Dead |
| 4:05 | Unholy Aura |
| 4:11 | Rod of Necromancy |
| 4:14 | Ritual Dagger |
| 4:21 | Crypt Fiend |
| 4:28 | Spirit Tower |
| 4:37 | Crypt Fiend |
| 4:58 | Ziggurat |
| 5:21 | Crypt Fiend |
| 5:59 | Burrow |
| 6:15 | Slaughterhouse |
| 6:23 | Potion of Healing |
| 6:44 | Death Coil |
| 6:54 | Devotion Aura |
| 6:56 | Frost Nova |
| 7:01 | Black Citadel |
| 7:17 | Crypt Fiend |
| 8:07 | Crypt Fiend |
| 8:32 | Dark Ritual |
| 8:48 | Unholy Aura |
| 9:38 | Destroyer Form |
| 9:41 | Ziggurat |
| 9:49 | Holy Light |
| 9:51 | Scroll of Town Portal |
| 9:52 | Orb of Corruption |
| 9:55 | Scroll of Healing |
| Right click | 517 |
| Select group | 410 |
| Select | 160 |
| Build/train/purchase | 59 |
| Misc. action | 31 |
| Assign group | 28 |
| Use ability | 14 |
| Item give/drop | 4 |
| Chat | 3 |
| Minimap ping | 2 |
| Remove unit | 1 |
35 units @ 4.6k
/ 0.2k
25 buildings @ 2.6k
/ 0.7k

| Scroll of Regeneration | 2 | 200 |
| Lesser Clarity Potion | 1 | 70 |
| total: | 3 | 270g |
| Peasant | 6 | 450 | / | 0 |
| Footman | 7 | 945 | / | 0 |
| Rifleman | 4 | 820 | / | 120 |
| total: | 17 | 2215g | / | 120w |
| Scout Tower | 2 | 60 | / | 40 |
| Arcane Tower | 2 | 140 | / | 100 |
| Altar of Kings | 1 | 180 | / | 50 |
| Barracks | 1 | 160 | / | 60 |
| Farm | 6 | 480 | / | 120 |
| Lumber Mill | 1 | 120 | / | 0 |
| Blacksmith | 1 | 140 | / | 60 |
| Arcane Vault | 1 | 130 | / | 30 |
| Keep | 1 | 320 | / | 210 |
| total: | 13 | 1270g | / | 360w |
| 0:02 | Peasant |
| 0:06 | Altar of Kings |
| 0:08 | Peasant |
| 0:20 | Barracks |
| 0:28 | Peasant |
| 0:34 | Farm |
| 0:43 | Farm |
| 0:47 | Peasant |
| 1:02 | Peasant |
| 1:06 | Lumber Mill |
| 1:13 | Peasant |
| 1:24 | Footman |
| 1:48 | Footman |
| 2:08 | Footman |
| 2:13 | Flame Strike |
| 2:19 | Footman |
| 2:33 | Footman |
| 3:26 | Scout Tower |
| 3:53 | Arcane Tower |
| 4:09 | Keep |
| 4:13 | Blacksmith |
| 4:17 | Arcane Vault |
| 4:19 | Farm |
| 4:51 | Siphon Mana |
| 4:58 | Scout Tower |
| 5:04 | Footman |
| 5:25 | Footman |
| 5:38 | Arcane Tower |
| 5:44 | Scroll of Regeneration |
| 5:47 | Lesser Clarity Potion |
| 5:55 | Rifleman |
| 6:15 | Rifleman |
| 6:58 | Rifleman |
| 7:18 | Scroll of Regeneration |
| 7:27 | Rifleman |
| 7:31 | Farm |
| 7:32 | Farm |
| 7:34 | Farm |
| Right click | 289 |
| Select | 115 |
| Select group | 36 |
| Build/train/purchase | 29 |
| Assign group | 26 |
| Use ability | 11 |
| Misc. action | 6 |
| Minimap ping | 6 |

| Peasant | 6 | 450 | / | 0 |
| Footman | 8 | 1080 | / | 0 |
| Rifleman | 4 | 820 | / | 120 |
| total: | 18 | 2350g | / | 120w |
| Farm | 7 | 560 | / | 140 |
| Altar of Kings | 1 | 180 | / | 50 |
| Barracks | 2 | 320 | / | 120 |
| Blacksmith | 1 | 140 | / | 60 |
| Lumber Mill | 1 | 120 | / | 0 |
| total: | 12 | 1320g | / | 370w |
| 0:02 | Peasant |
| 0:02 | Peasant |
| 0:03 | Peasant |
| 0:03 | Peasant |
| 0:08 | Farm |
| 0:13 | Altar of Kings |
| 0:27 | Barracks |
| 1:03 | Farm |
| 1:04 | Farm |
| 1:25 | Farm |
| 1:32 | Farm |
| 1:34 | Footman |
| 1:40 | Footman |
| 2:18 | Blacksmith |
| 2:24 | Summon Water Elemental |
| 3:44 | Rifleman |
| 3:44 | Rifleman |
| 3:45 | Rifleman |
| 3:52 | Blizzard |
| 4:06 | Black Gunpowder |
| 4:25 | Footman |
| 4:32 | Barracks |
| 4:58 | Farm |
| 4:59 | Farm |
| 5:17 | Peasant |
| 5:23 | Lumber Mill |
| 5:51 | Footman |
| 7:16 | Footman |
| 7:17 | Footman |
| 7:37 | Rifleman |
| 9:20 | Footman |
| 9:20 | Footman |
| 9:22 | Iron Forged Swords |
| 9:24 | Iron Plating |
| 9:50 | Peasant |
| Right click | 144 |
| Select | 136 |
| Select group | 45 |
| Build/train/purchase | 29 |
| Assign group | 13 |
| Misc. action | 3 |
| Remove unit | 3 |
| Use ability | 2 |